 Dungeon Crawl Stone Soup version bcrawl-1.37.2 (webtiles) character file.

Game seed: 4877185382320736506

393469 yrara the Cleaver (level 10, 0/81 HPs)
             Began as a Demonspawn Fighter on Nov 16, 2022.
             Killed by vampiric draining
             ... invoked by an eye of draining (shapeshifter)
              (11 damage)
             ... on level 8 of the Dungeon.
             The game lasted 00:05:03 (6371 turns).

yrara the Cleaver (Demonspawn Fighter)              Turns: 6371, Time: 00:05:03

Health: 0/81       AC: 20    Str: 23      XL:     10   Next: 35%
Magic:  1/10       EV:  7    Int: 12      God:
Gold:   434        SH:  0    Dex: 13 (14) Spells: 9/9 levels left

rFire    . . .     GDR:     31% a - +3 war axe
rCold    . . .     SeeInvis .   (no shield)
rNeg     . . .     Gourm    .   f - +3 plate armour
rPois    .         Faith    .   (helmet unavailable)
rElec    .         Spirit   .   y - +1 cloak
rCorr    .         Reflect  .   o - +0 pair of gloves
MR       .....                  (no boots)
Stlth    ..........             (no amulet)
HPRegen  0.23/turn              k - +5 ring of strength
MPRegen  0.12/turn              (no ring)

@: no status effects
A: claws 1, hooves 1, horns 3, clever 1, demonic guardian 2, deterioration 1,
spiny 1
a: no special abilities


You were on level 8 of the Dungeon.
You were not hungry.

You visited 2 branches of the dungeon, and saw 9 of its levels.

You collected 434 gold pieces.

Inventory:

Hand Weapons
 a - a +3 war axe (weapon)
 t - a +2 dire flail of distortion
Missiles
 h - 380 arrows
 s - 2 throwing nets {=f}
Armour
 c - a +0 medium shield
 f - a +3 plate armour (worn)
 o - a +0 pair of gloves (worn)
 y - a +1 cloak (worn)
Jewellery
 k - a +5 ring of strength (left hand)
Wands
 b - a wand of digging (11)
 m - a wand of polymorph (13)
Scrolls
 i - a scroll of identify
 j - 2 scrolls of remove curse
 p - a scroll of teleportation
 u - a scroll of amnesia
Potions
 d - 3 potions of might
 l - 4 potions of curing
 q - 3 potions of brilliance
 r - 5 potions of heal wounds
 x - a potion of haste
Comestibles
 e - 15 rations {!d}
 g - 5 chunks of flesh


   Skills:
 + Level 8.3 Fighting
 * Level 10.2 Axes
 + Level 7.6 Armour
 - Level 2.6 Shields


You had 9 spell levels left.
You didn't know any spells.
Your spell library contained the following spells:

 Spells                   Type           Power        Failure   Level  Hunger
 Magic Dart               Conj           #...         99%         1    None
 Blink                    Tloc           N/A          100%        2    ####...
 Call Imp                 Summ           #.....       100%        2    ####...
 Conjure Flame            Conj/Fire      #.......     100%        3    #####..
 Mephitic Cloud           Conj/Pois/Air  #.......     100%        3    #####..
 Spider Form              Tmut/Pois      #..          100%        3    #####..


Dungeon Overview and Level Annotations

Branches:
Dungeon (8/12)             Temple (1/1) D:4            Lair (0/6) D:7
    Orc: D:8-11

Altars:
Ashenzari
Cheibriados
Dithmenos
Fedhas
Hepliaklqana
Kikubaaqudgha
Lugonu
Makhleb
Nemelex Xobeh
Okawaru
Qazlal
Ru
Sif Muna
Uskayaw
Vehumet
Wu Jian
Xom
Yredelemnul


Innate Abilities, Weirdness & Mutations

You have sharp fingernails.
You have large cloven feet.
You have a pair of large horns on your head.
A demonic guardian rushes to your aid.
You are partially covered in sharp spines.
Your mind is acute. (Int +2)
Your body sometimes deteriorates upon taking damage.


Message History

An eye of draining is nearby!
You are too injured to fight recklessly!
An eye of draining is nearby!
You slash the eye of draining! You kick the eye of draining.
You headbutt the eye of draining.
The eye of draining is almost dead.
The eye of draining is infused with unholy energy.
The eye of draining draws life force from you and is healed!
You slash the eye of draining!
The eye of draining is almost dead.
The eye of draining gazes at you.
You feel your power leaking away.
The eye of draining is infused with unholy energy.
* * * LOW HITPOINT WARNING * * *
Your body deteriorates!
You feel clumsy.
The eye of draining draws life force from you and is healed!
Your smoke demon gestures at the eye of draining.
The eye of draining is smitten.
The eye of draining is infused with unholy energy.
You die...

####.##.#...........#
#?##.....#.#######
#........#.#
######.....# ##.####
##### #.# >..#
#.#####
#####.###.#...#
#....3G@......#
#$###.###.#...#
#.##...#.##
#.#........
..##...##### #####.##
#.# #.#


You could see an eye of draining and a friendly smoke demon.

Vanquished Creatures
  Pikel (D:4)
  Grinder (D:6)
  2 hippogriffs (D:6)
  6 yaks (D:7)
  A hungry ghost (D:8)
  Eustachio (D:4)
  Edmund (D:6)
  A crocodile (D:7)
  Duvessa (D:4)
  An orc warrior (D:7)
  A porcupine (D:7)
  An ice beast (D:5)
  A slave (D:4)
  A black bear (D:7)
  2 ogres
  4 bullfrogs (D:7)
  2 centaurs (D:6)
  A water moccasin zombie (D:5)
  A scorpion (D:4)
  2 howler monkeys
  2 orc priests
  2 crimson imps
  2 bullfrog zombies (D:5)
  A jelly (D:7)
  6 hounds
  Crazy Yiuf (D:6)
  4 bullfrog skeletons
  Jessica (D:2)
  Natasha (thrice) (D:3)
  3 worker ants
  6 orc wizards
  A porcupine skeleton (D:7)
  A killer bee zombie (D:7)
  A hound skeleton (D:7)
  2 worker ant zombies
  Robin (D:2)
  4 gnolls (D:8)
  3 adders
  2 shadow imps
  2 oozes (D:2)
  3 adder skeletons
  5 worms
  2 dart slugs
  3 leopard geckos
  16 orcs
  3 ball pythons
  2 bat zombies (D:5)
  3 giant cockroaches
  11 goblins
  7 hobgoblins
  16 jackals
  6 kobolds
  6 quokkas
  2 training dummies (D:4)
  9 bats
  7 frilled lizards
  A quokka skeleton (D:6)
  3 rats
  2 rat zombies (D:5)
  A fungus (D:7)
188 creatures vanquished.

Vanquished Creatures (collateral kills)
  A hippogriff (D:6)
  A hungry ghost (D:7)
  A phantom (D:6)
  A jelly (D:6)
  3 orcs
7 creatures vanquished.

Vanquished Creatures (others)
  4 fungi (D:7)
4 creatures vanquished.

Grand Total: 199 creatures vanquished

Notes
Turn   | Place    | Note
-------+----------+-------------------------------------------
     0 | D:1      | yrara the Demonspawn Fighter began the quest for the Orb.
     0 | D:1      | Reached XP level 1. HP: 18/18 MP: 1/1
   134 | D:1      | Reached skill level 2 in Axes
   161 | D:1      | Gained mutation: You have a pair of small horns on your
                  | head. [demonic ancestry]
   161 | D:1      | Reached XP level 2. HP: 24/24 MP: 2/2
   847 | D:2      | Gained mutation: You are partially covered in sharp spines.
                  | [demonic ancestry]
   847 | D:2      | Reached XP level 3. HP: 29/29 MP: 3/3
   916 | D:2      | Reached skill level 3 in Axes
   987 | D:2      | Gained mutation: You have a pair of horns on your head.
                  | [demonic ancestry]
   987 | D:2      | Reached XP level 4. HP: 25/35 MP: 4/4
  1091 | D:2      | Found a basalt altar of Yredelemnul.
  1410 | D:2      | Noticed Robin
  1424 | D:2      | Reached XP level 5. HP: 36/42 MP: 5/5
  1424 | D:2      | Killed Robin
  1555 | D:2      | Noticed Jessica
  1562 | D:2      | Killed Jessica
  1812 | D:3      | Reached skill level 4 in Axes
  2056 | D:3      | Noticed Natasha
  2059 | D:3      | Killed Natasha
  2072 | D:3      | Found a sparkling altar of Nemelex Xobeh.
  2094 | D:3      | Noticed Natasha
  2099 | D:3      | Killed Natasha
  2100 | D:3      | Gained mutation: You have large cloven feet. [demonic
                  | ancestry]
  2100 | D:3      | Reached XP level 6. HP: 48/48 MP: 6/6
  2251 | D:3      | Noticed Natasha
  2259 | D:3      | Killed Natasha
  2581 | D:4      | Noticed Eustachio
  2588 | D:4      | Killed Eustachio
  2607 | D:4      | Found a staircase to the Ecumenical Temple.
  2625 | D:4      | Reached skill level 5 in Axes
  2630 | D:4      | Gained mutation: You have a pair of large horns on your
                  | head. [demonic ancestry]
  2630 | D:4      | Reached XP level 7. HP: 43/55 MP: 7/7
  2633 | Temple   | Entered the Ecumenical Temple
  2755 | D:4      | Found a shimmering blue altar of Sif Muna.
  2940 | D:4      | Noticed Pikel
  2950 | D:4      | Killed Pikel
  2951 | D:4      | Reached skill level 5 in Fighting
  2951 | D:4      | Reached skill level 6 in Axes
  2951 | D:4      | Reached skill level 5 in Armour
  2951 | D:4      | Gained mutation: You have sharp fingernails. [demonic
                  | ancestry]
  2951 | D:4      | Reached XP level 8. HP: 22/63 MP: 8/8
  3059 | D:4      | Noticed Duvessa
  3064 | D:4      | Killed Duvessa
  3182 | D:4      | Found a hazy altar of Hepliaklqana.
  3377 | D:5      | Entered Level 5 of the Dungeon
  3491 | D:5      | Found a shimmering blue altar of Sif Muna.
  3545 | D:5      | Found a corrupted altar of Lugonu.
  3736 | D:5      | Reached skill level 7 in Axes
  3881 | D:5      | Found an ancient bone altar of Kikubaaqudgha.
  4123 | D:5      | Found a hide-covered altar of Uskayaw.
  4123 | D:5      | Found a stormy altar of Qazlal.
  4233 | D:6      | Noticed a hippogriff
  4239 | D:6      | Killed a hippogriff
  4264 | D:6      | Gained mutation: A weak demonic guardian rushes to your
                  | aid. [demonic ancestry]
  4264 | D:6      | Reached XP level 9. HP: 60/71 MP: 9/9
  4273 | D:6      | Reached skill level 8 in Axes
  4486 | D:6      | Found a runed door.
  4568 | D:6      | Noticed Edmund
  4584 | D:6      | Killed Edmund
  4701 | D:6      | Noticed Grinder
  4707 | D:6      | Killed Grinder
  5163 | D:6      | Noticed Crazy Yiuf
  5166 | D:6      | Killed Crazy Yiuf
  5167 | D:6      | Reached skill level 9 in Axes
  5357 | D:7      | Found an iron altar of Okawaru.
  5443 | D:7      | Gained mutation: A demonic guardian rushes to your aid.
                  | [demonic ancestry]
  5443 | D:7      | Reached XP level 10. HP: 39/80 MP: 10/10
  5801 | D:7      | Reached skill level 10 in Axes
  6046 | D:7      | Found a staircase to the Lair.
  6183 | D:7      | Gained mutation: You are clumsy. (Dex -2) [potion of
                  | mutation]
  6183 | D:7      | Gained mutation: You have hoof-like feet. [potion of
                  | mutation]
  6184 | D:7      | Lost mutation: You are clumsy. (Dex -2) [potion of
                  | mutation]
  6184 | D:7      | Lost mutation: You have hoof-like feet. [potion of
                  | mutation]
  6184 | D:7      | Gained mutation: Your body sometimes deteriorates upon
                  | taking damage. [potion of mutation]
  6184 | D:7      | Gained mutation: Your mind is acute. (Int +2) [potion of
                  | mutation]
  6371 | D:8      | Killed from afar by an eye of draining (shapeshifter)

Skill      XL: |  1  2  3  4  5  6  7  8  9 10 |
---------------+-------------------------------+-----
Axes           | 2 3 4 5 6 7 9 10 | 10.2
Armour         | 3 4 5 6 7 |  7.6
Fighting       | 4 5 6 7 8 |  8.3
Shields        | |  2.6

Action                   |  1- 3 |  4- 6 |  7- 9 | 10-12 || total
-------------------------+-------+-------+-------+-------++-------
Melee: War axe           |    89 |   109 |   139 |    69 ||   406
       Headbutt          |    13 |    18 |    31 |    16 ||    78
       Kick              |       |     9 |    37 |    20 ||    66
  Use: Scroll            |     2 |    14 |     3 |     1 ||    20
       Potion            |       |       |       |     2 ||     2
  Eat: Chunk             |     3 |     9 |    11 |    11 ||    34
Armor: Scale mail        |     9 |       |       |       ||     9
       Plate armour      |    84 |    71 |   100 |    31 ||   286
Dodge: Dodged            |    33 |    29 |    32 |    21 ||   115
